 Dungeon Crawl Stone Soup version 0.28.0-43-g3370ac3207 (webtiles) character file.

Game seed: 11051966033340509839

126 tizbic2 the Vexing (level 5, -1/40 HPs)
             Began as a Gnoll Arcane Marksman on Mar 23, 2022.
             Slain by a hound (2 damage)
             ... on level 4 of the Dungeon.
             The game lasted 00:13:58 (3188 turns).

tizbic2 the Vexing (Gnoll Arcane Marksman)          Turns: 3188, Time: 00:13:59

Health: -1/40      AC:  5    Str: 11    XL:     5   Next: 9%
Magic:  7/9        EV: 11    Int: 13    God:
Gold:   117        SH:  0    Dex: 12    Spells: 5/10 levels left

rFire   . . .      SeeInvis .   a - +0 hand axe
rCold   . . .      Faith    .   (no shield)
rNeg    . . .      Spirit   .   i - +0 ring mail
rPois   .          Reflect  .   (no helmet)
rElec   .          Harm     .   (no cloak)
rCorr   .          Rampage  .   (no gloves)
Will    .....                   (no boots)
Stlth   +.........              (no amulet)
HPRegen 0.13/turn               (no ring)
MPRegen 0.11/turn               (no ring)

@: no status effects
A: fangs 1, strong nose, distributed training
a: no special abilities


You were on level 4 of the Dungeon.
You visited 1 branch of the dungeon, and saw 4 of its levels.

You collected 117 gold pieces.

Inventory:

Hand Weapons
 a - a +0 hand axe (weapon)
 d - a +0 trident
 w - a +0 shortbow of chaos
Missiles
 b - 177 stones (quivered)
 c - 45 arrows
Armour
 e - a +0 leather armour
 i - a +0 ring mail (worn)
Scrolls
 f - a scroll of vulnerability
 g - 3 scrolls of teleportation
 h - a scroll of amnesia
Potions
 j - a potion of might {unknown}


   Skills:
 + Level 2.9 Fighting
 + Level 1.3 Short Blades
 + Level 1.3 Long Blades
 + Level 1.3 Axes
 + Level 1.3 Maces & Flails
 + Level 1.3 Polearms
 + Level 1.3 Staves
 + Level 1.3 Slings
 + Level 4.7 Bows
 + Level 1.3 Crossbows
 + Level 1.3 Throwing
 + Level 1.3 Armour
 + Level 4.7 Dodging
 + Level 1.3 Stealth
 + Level 1.3 Shields
 + Level 1.3 Unarmed Combat
 + Level 3.1 Spellcasting
 + Level 1.1 Conjurations
 + Level 5.5 Hexes
 + Level 1.1 Summonings
 + Level 1.1 Necromancy
 + Level 1.1 Translocations
 + Level 1.1 Transmutations
 + Level 1.1 Fire Magic
 + Level 1.1 Ice Magic
 + Level 1.1 Air Magic
 + Level 1.1 Earth Magic
 + Level 1.1 Poison Magic
 + Level 1.5 Invocations
 + Level 1.3 Evocations


You had 5 spell levels left.
You knew the following spells:

 Your Spells              Type           Power      Damage    Failure   Level
a - Slow                  Hex            64%        N/A       5%          1
b - Cause Fear            Hex            8%         N/A       50%         4

Your spell library contained the following spells:

 Spells                   Type           Power      Damage    Failure   Level
 Apportation              Tloc           8%         N/A       34%         1
 Summon Small Mammal      Summ           16%        N/A       34%         1
 Inner Flame              Hex/Fire       10%        N/A       38%         3
 Portal Projectile        Hex/Tloc       20%        N/A       38%         3
 Summon Guardian Golem    Hex/Summ       10%        N/A       38%         3
 Call Canine Familiar     Summ           4%         N/A       71%         3
 Alistair's Intoxication  Tmut/Pois      2%         N/A       100%        5


Dungeon Overview and Level Annotations

Branches:
Dungeon (4/15)
 Temple: D:4-7

Altars:
Ashenzari

Shops:
D:2 ?   D:3 =


Innate Abilities, Weirdness & Mutations

You have very sharp teeth.
Your uncanny sense of smell can sniff out nearby items.
Your experience applies equally to all skills.


Message History

Aim: a hound (severely wounded, unusually agile, chance to affect: 64%)
You miscast Slow.
You are very lightly contaminated with residual magic.
Nothing appears to happen.
The hound barely misses you. The hound bites you but does no damage.
Casting: Slow (safe; 5% risk of failure)
Confirm with . or Enter, or press ? or * to list all spells.
Aiming: Slow (safe; 5% risk of failure)
Press: ? - help, Shift-Dir - straight line, f/p - hound
Aim: a hound (severely wounded, unusually agile, chance to affect: 64%)
The hound struggles to resist.
The hound misses you.
Casting: Slow (safe; 5% risk of failure)
Confirm with . or Enter, or press ? or * to list all spells.
Aiming: Slow (safe; 5% risk of failure)
Press: ? - help, Shift-Dir - straight line, f/p - hound
Aim: a hound (severely wounded, unusually agile, chance to affect: 64%)
The hound seems to slow down.
The hound barely misses you.
You barely miss the hound.
The hound is severely wounded.
The hound closely misses you.
You miss the hound.
The hound is severely wounded.
The hound bites you but does no damage. The hound barely misses you.
You miss the hound.
The hound is severely wounded.
The hound bites you but does no damage.
You miss the hound. Your punch misses the hound.
The hound is severely wounded.
The hound bites you.
* * * LOW HITPOINT WARNING * * *
Your magical contamination has completely faded away.
You hit the hound.
The hound is almost dead.
The hound bites you but does no damage.
You miss the hound.
The hound is almost dead.
The hound bites you.
* * * LOW HITPOINT WARNING * * *
The hound bites you.
You die...

# # # ### ..# # ..#
#############.# ..#
#.............###
..#
#.#######@.......
..# #.#
#...h........ ..#
#.# #............
..#
#.#..............
..#
####.#..............
..#
#....#...##.........
..###.####(..
#......... ......#
#.. #.###.....
....####


You could see a hound (agile, slow).

Vanquished Creatures
  A jelly (D:3)
  4 adders (D:2)
  A worm (D:3)
  7 orcs (D:3)
  7 bats
  4 endoplasms
  7 giant cockroaches
  4 goblins
  2 hobgoblins (D:2)
  A quokka (D:2)
  2 ball pythons (D:1)
  3 frilled lizards
  4 kobolds
  A rat (D:1)
48 creatures vanquished.

Notes
Turn   | Place    | Note
-------+----------+-------------------------------------------
     0 | D:1      | tizbic2 the Gnoll Arcane Marksman began the quest for the
                  | Orb.
     0 | D:1      | Reached XP level 1. HP: 17/17 MP: 4/4
   382 | D:1      | Reached XP level 2. HP: 14/23 MP: 5/5
  1281 | D:2      | Found a broken altar of Ashenzari.
  1301 | D:2      | Found Woth's Magic Scroll Emporium.
  1315 | D:2      | Reached XP level 3. HP: 13/28 MP: 7/7
  1577 | D:2      | Found a faded altar of an unknown god.
  1634 | D:2      | Reached skill level 1 in Invocations
  1844 | D:2      | Reached skill level 1 in Short Blades
  1844 | D:2      | Reached skill level 1 in Long Blades
  1844 | D:2      | Reached skill level 1 in Axes
  1844 | D:2      | Reached skill level 1 in Maces & Flails
  1844 | D:2      | Reached skill level 1 in Polearms
  1844 | D:2      | Reached skill level 1 in Staves
  1844 | D:2      | Reached skill level 1 in Slings
  1844 | D:2      | Reached skill level 1 in Crossbows
  1844 | D:2      | Reached skill level 1 in Throwing
  1844 | D:2      | Reached skill level 1 in Armour
  1844 | D:2      | Reached skill level 1 in Stealth
  1844 | D:2      | Reached skill level 1 in Shields
  1844 | D:2      | Reached skill level 1 in Unarmed Combat
  1844 | D:2      | Reached skill level 1 in Evocations
  1844 | D:2      | Reached XP level 4. HP: 34/34 MP: 6/8
  2187 | D:2      | Learned a level 4 spell: Cause Fear
  2273 | D:3      | Found Difuur's Jewellery Emporium.
  2520 | D:3      | Reached skill level 1 in Conjurations
  2520 | D:3      | Reached skill level 1 in Summonings
  2520 | D:3      | Reached skill level 1 in Necromancy
  2520 | D:3      | Reached skill level 1 in Translocations
  2520 | D:3      | Reached skill level 1 in Transmutations
  2520 | D:3      | Reached skill level 1 in Fire Magic
  2520 | D:3      | Reached skill level 1 in Ice Magic
  2520 | D:3      | Reached skill level 1 in Air Magic
  2520 | D:3      | Reached skill level 1 in Earth Magic
  2520 | D:3      | Reached skill level 1 in Poison Magic
  2659 | D:3      | Reached XP level 5. HP: 40/40 MP: 9/9
  3188 | D:4      | HP: 1/40 [hound (4)]
  3188 | D:4      | Slain by a hound

Illustrated notes

Levels and vault maps discovered:
D:1:      minmay_arrival_arboretum_small, layout_loops_corners,
          item_on_display_a
D:2:      layout_basic, basic_altar, chequers_ecumenical_altar_twisty,
          serial_shops, nicolae_shop_hallway_plus
D:3:      layout_loops_cross, serial_shops, nicolae_shop_statue_plus,
          item_on_display_a
D:4:      layout_basic, serial_bayou_pond_e, uniq_robin

Skill      XL: |  1  2  3  4 |
---------------+-------------+-----
Invocations    | 1 |  1.5
Short Blades   | 1 |  1.3
Long Blades    | 1 |  1.3
Axes           | 1 |  1.3
Maces & Flails | 1 |  1.3
Polearms       | 1 |  1.3
Staves         | 1 |  1.3
Slings         | 1 |  1.3
Crossbows      | 1 |  1.3
Throwing       | 1 |  1.3
Armour         | 1 |  1.3
Stealth        | 1 |  1.3
Shields        | 1 |  1.3
Unarmed Combat | 1 |  1.3
Evocations     | 1 |  1.3
Spellcasting   | 3 |  3.1
Conjurations   | 1 |  1.1
Summonings     | 1 |  1.1
Necromancy     | 1 |  1.1
Translocations | 1 |  1.1
Transmutations | 1 |  1.1
Fire Magic     | 1 |  1.1
Ice Magic      | 1 |  1.1
Air Magic      | 1 |  1.1
Earth Magic    | 1 |  1.1
Poison Magic   | 1 |  1.1
Fighting       | |  2.9
Bows           | |  4.7
Dodging        | |  4.7
Hexes          | |  5.5

Action                   |  1- 3 |  4- 6 || total
-------------------------+-------+-------++-------
Melee: Club              |    45 |       ||    45
       Bite              |     6 |     4 ||    10
       Mace              |    40 |       ||    40
       Punch             |     1 |     1 ||     2
       Hand axe          |       |    45 ||    45
 Fire: Shortbow          |    34 |    47 ||    81
Throw: Stone             |    14 |       ||    14
 Cast: Slow              |     9 |     7 ||    16
  Use: Scroll            |       |     4 ||     4
Armor: Robe              |    27 |     5 ||    32
       Ring mail         |       |    28 ||    28
       Leather armour    |       |     3 ||     3
Dodge: Dodged            |   108 |    52 ||   160
